 Dungeon Crawl Stone Soup version 0.17.0-24-gcfadda4 (console) character file.

28 gw the Skirmisher (level 3, -2/33 HPs)
             Began as a Minotaur Abyssal Knight on Nov 15, 2015.
             Was a Follower of Lugonu.
             Slain by a worm (8 damage)
             ... on level 2 of the Dungeon.
             The game lasted 00:01:22 (1234 turns).

gw the Skirmisher (Minotaur Abyssal Knight)         Turns: 1234, Time: 00:01:22

Health: -2/33      AC:  3    Str: 16    XL:     3   Next: 0%
Magic:  3/3        EV: 11    Int:  9    God:    Lugonu [*.....]
Gold:   17         SH:  0    Dex: 10    Spells: 0 memorised, 2 levels left

rFire  . . .     SeeInvis .     a - +2 falchion
rCold  . . .     Clarity  .     b - +0 leather armour
rNeg   . . .     SustAt   .     (no shield)
rPois  .         Gourm    .     (helmet restricted)
rElec  .         Spirit   .     (no cloak)
rCorr  .         Warding  .     (no gloves)
rMut   .         Stasis   .     (no boots)
MR     .....                    (no amulet)
Stlth  +.........               (no ring)
                                (no ring)

@: not resistant to hostile enchantments, very unstealthy
A: retaliatory headbutt, horns 2
a: Depart the Abyss, Renounce Religion


You were on level 2 of the Dungeon.
You worshipped Lugonu.
Lugonu was aware of your devotion.
You were not hungry.

You visited 1 branch of the dungeon, and saw 2 of its levels.
You visited the Abyss 1 time.

You collected 17 gold pieces.

Inventory:

Hand Weapons
 a - a +2 falchion (weapon)
Missiles
 l - 24 stones (quivered)
Armour
 b - a +0 leather armour (worn)
Scrolls
 g - 2 scrolls of identify
 m - a scroll of remove curse
Potions
 e - a potion of magic
Comestibles
 c - 2 bread rations
 f - a beef jerky
 n - a slice of pizza


   Skills:
 + Level 4.0 Fighting
 * Level 3.2 Long Blades
 + Level 0.8 Throwing
 + Level 2.5 Armour
 - Level 1.1 Dodging
 + Level 2.1 Invocations


You had 2 spell levels left.
You didn't know any spells.

Dungeon Overview and Level Annotations

Branches:
Dungeon (2/15)

Altars:


Innate Abilities, Weirdness & Mutations

You reflexively headbutt those who attack you in melee.
You have a pair of horns on your head.


Message History

Trying to move but square is occupied??
Making a random move Trying to move but square is occupied??
Making a random move MOVING TO (-1,0) KIIIITING Trying to move but square is occupied??
Making a random move The worm barely misses you.
Trying to move but square is occupied??
Making a random move Trying to move but square is occupied??
Making a random move Trying to move but square is occupied??
Making a random move The worm bites you.
MOVING TO (-1,-2) MOVING TO (-2,-1)
The worm bites you!
You die...

########....#(#(#.###
#......^....#(#(#....
#...........#(#(#####
#...........#.#(#####
#.......###.#.(......
+......('..(........>
#..%.?..###....(#####
#..w...........##
#...H........(.#
#..............#
#.......####...#
####+#### #...# #...#


You could see a worm.

Table legend:
 A = Turns spent in this place as a percentage of turns spent in the entire game.
 B = Non-inter-level travel turns spent in this place as a percentage of non-inter-level travel turns spent in the entire game.
 C = Inter-level travel turns spent in this place as a percentage of turns spent in this place.
 D = Turns resting spent in this place as a percentage of non-inter-level travel turns spent in this place.
 E = Turns spent auto-exploring this place as a percentage of non-inter-level travel turns spent in this place.
 F = Non-inter-level travel turns spent in this place divided by the number of levels of this place that you've seen.
                   A       B       C       D       E      F
               +-------+-------+-------+-------+-------+----------------------
         Total | 100.0 | 100.0 |   0.2 |   0.6 |   2.3 | 674.7
       Dungeon |  96.1 |  96.0 |   0.2 |   0.6 |   2.1 | 972.0
         Abyss |   3.9 |   4.0 |   0.0 |   0.0 |   7.5 |  80.0
               +-------+-------+-------+-------+-------+----------------------

Table legend:
 A = Kills in this place as a percentage of kills in entire the game.
 B = Kills by you in this place as a percentage of kills by you in the entire game.
 C = Kills by friends in this place as a percentage of kills by friends in the entire game.
 D = Other kills in this place as a percentage of other kills in the entire game.
 E = Experience gained in this place as a percentage of experience gained in the entire game.
 F = Experience gained in this place divided by the number of levels of this place that you have seen.
                   A       B       C       D       E      F
               +-------+-------+-------+-------+-------+----------------------
         Total | 100.0 | 100.0 |  -nan |  -nan | 100.0 |  13.7
       Dungeon | 100.0 | 100.0 |  -nan |  -nan | 100.0 |  20.5
               +-------+-------+-------+-------+-------+----------------------

Vanquished Creatures
  An ooze (D:1)
  4 bats (D:1)
  3 goblins (D:1)
  6 hobgoblins (D:1)
  A giant cockroach (D:1)
  A giant gecko (D:1)
  2 giant newts (D:1)
  3 kobolds (D:1)
  A rat (D:1)
22 creatures vanquished.

Notes
Turn   | Place    | Note
--------------------------------------------------------------
     0 | Abyss:1  | gw the Minotaur Abyssal Knight began the quest for the Orb.
     0 | Abyss:1  | Reached XP level 1. HP: 19/19 MP: 1/1
    27 | Abyss:1  | Found a roughly hewn altar of Beogh.
    67 | Abyss:1  | Noticed a fire dragon zombie
    68 | D:1      | Escaped the Abyss
   244 | D:1      | Reached XP level 2. HP: 24/27 MP: 2/2
   416 | D:1      | Reached * piety under Lugonu
   646 | D:1      | Reached skill level 4 in Fighting
   870 | D:1      | Reached XP level 3. HP: 33/33 MP: 3/3
  1234 | D:2      | Slain by a worm

Action                   || total
-------------------------++-------
Melee: Falchion          ||    41
Throw: Javelin           ||    20
       Stone             ||    33
Invok: Depart the Abyss  ||     1
  Use: Scroll            ||     5
       Potion            ||     2
  Eat: Chunk             ||     1

Vault maps used:
D:1:      scummos_arrival_hexagon, kennysheep_doodads, minmay_cut_off
D:2:      lemuel_round_altar
Abyss:1:  serial_sigils_hangedman_snap, minivault_4
